 Seeded DCSS version 0.29.1-15-g9cfb28693d (webtiles) character file.

Game seed: 8515177902725472229 (custom seed)

50 Psyclone the Conjurer (level 3, 16/19 HPs)
             Began as a Deep Elf Conjurer on Oct 4, 2023.
             Quit the game on level 2 of the Dungeon.
             The game lasted 00:02:04 (329 turns).

Psyclone the Conjurer (Deep Elf Conjurer)            Turns: 329, Time: 00:02:05

Health: 16/19      AC:  3    Str:  4    XL:     3   Next: 55%
Magic:  5/10       EV: 13    Int: 24    God:
Gold:   2615       SH:  0    Dex: 13    Spells: 6/9 levels left

rFire   + . .      SeeInvis .   (no weapon)
rCold   . . .      Faith    .   (no shield)
rNeg    . . .      Spirit   .   a - +0 robe
rPois   .          Reflect  .   (no helmet)
rElec   .          Harm     .   (no cloak)
rCorr   .          Rampage  .   (no gloves)
Will    +....                   (no boots)
Stlth   ++........              (no amulet)
HPRegen 0.06/turn               (no ring)
MPRegen 0.12/turn               (no ring)

@: no status effects
A: fire resistance 1, strong-willed 1, shaggy fur 1, wild magic 1
a: no special abilities


You were on level 2 of the Dungeon.
You visited 1 branch of the dungeon, and saw 2 of its levels.

You collected 2615 gold pieces.

Inventory:

Missiles
 e - 4 throwing nets {!f}
Armour
 a - a +0 robe (worn)
Potions
 b - a potion of magic
 c - a potion of curing {unknown}


   Skills:
 + Level 3.1 Dodging
 + Level 3.3 Stealth
 + Level 3.7 Spellcasting
 + Level 4.8 Conjurations


You had 6 spell levels left.
You knew the following spells:

 Your Spells              Type           Power      Damage    Failure   Level
a - Magic Dart            Conj           100%       1d8       2%          1
b - Searing Ray           Conj           70%        2d7       4%          2

Your spell library contained the following spells:

 Spells                   Type           Power      Damage    Failure   Level
 Dazzling Flash           Conj/Hex       40%        N/A       16%         3
 Fulminant Prism          Conj/Hex       10%        3d9       45%         4
 Iskenderun's Mystic Bla  Conj/Tloc      20%        2d6       45%         4


Dungeon Overview and Level Annotations

Branches:
Dungeon (2/15) Zot: 11671

Altars:
Xom


Innate Abilities, Weirdness & Mutations

Your flesh is heat resistant. (rF+)
You are strong-willed. (Will+)
You are covered in fur. (AC +1)
Your spells are a little harder to cast, but a little more powerful.


Message History

Things that are here:
a +0 dagger; a goblin corpse
There is a stone staircase leading up here.
You see here a hobgoblin corpse.
Casting: Magic Dart (safe; 2% risk of failure)
Confirm with . or Enter, or press ? or * to list all spells.
Aiming: Searing Ray (safe; 4% risk of failure)
Press: ? - help, Shift-Dir - straight line, f/p - gnoll
Aim: a gnoll, wielding a +0 halberd (lightly wounded, 83% to hit)
The searing ray hits the gnoll!
The gnoll is severely wounded. (Press . to maintain the ray.)
The gnoll hits you from afar with a +0 halberd.
You take 5 damage, and have 14/19 hp.
MASSIVE DAMAGE!!
You now have 1/10 mp.
The searing ray hits the gnoll!
You kill the gnoll!
There is a stone staircase leading up here.
Things that are here:
a +0 halberd; a gnoll corpse
Things that are here:
a +0 dagger; a goblin corpse You see here a frilled lizard corpse.
You see here a ball python corpse.
e - 2 throwing nets {!f}
Things that are here:
a +0 spear; a +0 quarterstaff; a gnoll corpse You see here a +0 whip.
e - 4 throwing nets {!f} (gained 2)
Things that are here:
a +0 spear; a gnoll corpse
d - 4 scrolls labelled PARPHUNOUG (gained 3) This is a scroll of acquirement!
Something appears at your feet! Something appears at your feet!
Something appears at your feet! Something appears at your feet!
You now have 2615 gold pieces (gained 2606).
You see here the +1 buckler of Pride {rPois rC++}.
Unknown command.
Unknown command.
Are you sure you want to abandon this character and quit the game? (Confirm with "yes".)

#.########
#......@.#
########)#
#)# #)#
#.# #.#
#.# #.#
#.#


There were no monsters in sight!

Vanquished Creatures
  4 gnolls (D:2)
  A ball python (D:2)
  A bat (D:1)
  A goblin (D:2)
  A hobgoblin (D:2)
  3 jackals (D:2)
  A frilled lizard (D:2)
  A rat (D:1)
13 creatures vanquished.

Notes
Turn   | Place    | Note
-------+----------+-------------------------------------------
     0 | D:1      | Psyclone the Deep Elf Conjurer began the quest for the Orb.
     0 | D:1      | Reached XP level 1. HP: 10/10 MP: 6/6
    54 | D:1      | Gained mutation: You are covered in fur. (AC +1) [potion of
                  | mutation]
    54 | D:1      | Gained mutation: Your spells are a little harder to cast,
                  | but a little more powerful. [potion of mutation]
    54 | D:1      | Gained mutation: You are strong-willed. (Will+) [potion of
                  | mutation]
    54 | D:1      | Gained mutation: Your flesh is heat resistant. (rF+)
                  | [potion of mutation]
   163 | D:2      | Reached XP level 2. HP: 11/15 MP: 2/8
   233 | D:2      | Learned a level 2 spell: Searing Ray
   235 | D:2      | Found a shimmering altar of Xom.
   259 | D:2      | Reached XP level 3. HP: 19/19 MP: 6/10
   322 | D:2      | Identified 4 scrolls of acquirement
   322 | D:2      | Acquired 966 gold pieces
   323 | D:2      | Acquired the +1 buckler of Pride {rPois rC++}
   324 | D:2      | Acquired 306 gold pieces
   325 | D:2      | Acquired 1334 gold pieces
   329 | D:2      | Quit the game

Illustrated notes

Levels and vault maps discovered:
D:1:      sevenhm_arrival_forest_fort_large_4, layout_basic,
          nrook_loot_triangle, minmay_lizard_pond
D:2:      layout_loops_ring, basic_altar, serial_shops,
          nicolae_shop_temple_entry_statues_fountains

Skill      XL: |  1  2 |
---------------+-------+-----
Dodging        | 3 |  3.1
Stealth        | 3 |  3.3
Spellcasting   | |  3.7
Conjurations   | |  4.8

Action                   || total
-------------------------++-------
 Cast: Magic Dart        ||    13
       Searing Ray       ||     3
  Use: Potion            ||     1
       Scroll            ||     4
Armor: Robe              ||     1
Dodge: Dodged            ||     2
